 Dungeon Crawl Stone Soup version 0.27.1-3-gb3d3a73c9e (webtiles) character file.

Game seed: 1559652727620446111

105 H0rd4k the Charlatan (level 5, 0/37 HPs)
             Began as a Human Artificer on Oct 6, 2021.
             Killed from afar by Sigmund (10 damage)
             ... with a magic dart
             ... on level 3 of the Dungeon.
             The game lasted 00:03:34 (4313 turns).

H0rd4k the Charlatan (Human Artificer)              Turns: 4313, Time: 00:03:34

Health: 0/37       AC:  3    Str: 13    XL:     5   Next: 9%
Magic:  5/5        EV: 11    Int: 12    God:
Gold:   79         SH:  0    Dex: 13    Spells: 4/4 levels left

rFire    + . .     SeeInvis .   c - +2 dagger (drain)
rCold    x . .     Faith    .   (no shield)
rNeg     . . .     Spirit   .   b - +0 leather armour
rPois    .         Reflect  .   (no helmet)
rElec    .         Harm     .   (no cloak)
rCorr    .         Rampage  .   (no gloves)
Will     .....                  (no boots)
Stlth    +.........             (no amulet)
HPRegen  0.12/turn              h - ring of fire
MPRegen  0.09/turn              (no ring)

@: no status effects
A: no striking features
a: no special abilities


You were on level 3 of the Dungeon.
You visited 1 branch of the dungeon, and saw 3 of its levels.

You collected 79 gold pieces.

Inventory:

Hand Weapons
 a - a +0 hunting sling of flaming
 c - a +2 dagger of draining (weapon)
 i - a +0 dagger
 r - a +1 short sword of freezing
Missiles
 q - 15 poisoned darts
Armour
 b - a +0 leather armour (worn)
Jewellery
 h - a ring of fire (left hand)
Wands
 d - a wand of charming (15)
Scrolls
 j - a scroll of magic mapping {unknown}
 k - a scroll of enchant weapon {unknown}
 n - a scroll of identify {unknown}
 o - a scroll of amnesia {unknown}
 p - a scroll of holy word {unknown}
Potions
 f - a potion of ambrosia {unknown}
 g - a potion of invisibility {unknown}
 l - a potion of curing {unknown}
 m - a potion of heal wounds {unknown}
Miscellaneous
 e - a piece from Xom's chessboard (15/15)


   Skills:
 + Level 1.6 Fighting
 + Level 1.6 Short Blades
 + Level 2.8 Armour
 + Level 1.9 Dodging
 + Level 1.2 Stealth
 + Level 3.7 Evocations


You had 4 spell levels left.
You didn't know any spells.
Your spell library was empty.

Dungeon Overview and Level Annotations

Branches:
Dungeon (3/15)

Altars:

Annotations:
D:2 exclusion: 2 downstairs
D:3 Sigmund


Message History

You hit the orc but do no damage. You drain the orc.
The orc is moderately wounded.
The orc hits you with a +0 whip.
You hit the orc. You drain the orc.
You kill the orc!
Your life force feels restored.
Items here: ))) [ ††.
The orc shouts!
Unknown command.
You hit the orc.
The orc is moderately wounded.
The orc hits you with a +1 short sword of freezing.
The orc freezes you.
You hit the orc. You drain the orc.
The orc is almost dead.
You hit the orc.
You kill the orc!
The endoplasm quivers.
The endoplasm jiggles.
The endoplasm closely misses you.
You see here a +1 short sword of freezing.
You hit the endoplasm.
The endoplasm is heavily wounded.
The endoplasm barely misses you.
You hit the endoplasm. You drain the endoplasm.
You kill the endoplasm!
Sigmund shouts!
You see here a +1 short sword of freezing.
r - a +1 short sword of freezing Sigmund points at you and mumbles some strange words.
The magic dart hits you. Sigmund casts a spell at you. The magic dart hits you.
* * * LOW HITPOINT WARNING * * *
Sigmund mumbles some strange words.
Sigmund flickers and vanishes!
Deactivating autopickup; reactivate with Ctrl-A.
There is a stone staircase leading up here.
A magic dart appears from out of thin air!
The magic dart hits you!
You die...

## ########## .#
#........#
.#############........#
......................#
#########.{.....@.....#
# #......####........#
# #......#.).#......(.#
# #........############
. .......### . .......
......... .......
.###...


There were no monsters in sight!

Vanquished Creatures
  3 adders
  2 worms (D:2)
  6 orcs
  7 endoplasms
  3 giant cockroaches (D:1)
  4 goblins
  3 hobgoblins
  7 jackals (D:1)
  3 quokkas
  5 ball pythons
  4 bats
  5 frilled lizards
  7 kobolds
  4 rats
63 creatures vanquished.

Notes
Turn   | Place    | Note
-------+----------+-------------------------------------------
     0 | D:1      | H0rd4k the Human Artificer began the quest for the Orb.
     0 | D:1      | Reached XP level 1. HP: 15/15 MP: 1/1
   308 | D:1      | Reached XP level 2. HP: 16/21 MP: 2/2
  1080 | D:1      | Reached XP level 3. HP: 18/26 MP: 3/3
  1788 | D:2      | Found a faded altar of an unknown god.
  2056 | D:2      | Reached skill level 1 in Short Blades
  2320 | D:2      | Reached XP level 4. HP: 30/32 MP: 4/4
  3854 | D:3      | Noticed Sigmund
  4286 | D:3      | Reached XP level 5. HP: 26/36 MP: 5/5
  4313 | D:3      | Killed from afar by Sigmund

Illustrated notes

Levels and vault maps discovered:
D:1:      scummos_arrival_gate, layout_basic
D:2:      layout_loops_corners, hellmonk_ecumenical_altar_heavens_door
D:3:      layout_rooms, chequers_temple_overflow_statue_of_worship,
          minmay_close_crescents, uniq_sigmund

Skill      XL: |  1  2  3 |
---------------+----------+-----
Short Blades   | 1 |  1.6
Fighting       | |  1.6
Armour         | |  2.8
Dodging        | |  1.9
Stealth        | |  1.2
Evocations     | |  3.7

Action                   |  1- 3 |  4- 6 || total
-------------------------+-------+-------++-------
Melee: Club              |    42 |       ||    42
       Dagger            |   160 |   126 ||   286
Evoke: Wand              |     4 |    11 ||    15
 Stab: Sleeping          |     1 |     1 ||     2
Armor: Leather armour    |    65 |    17 ||    82
Dodge: Dodged            |   135 |    78 ||   213
